 Dungeon Crawl Stone Soup version 0.32-a0-18-g89e19f1974 (webtiles) character file.

Game seed: 414699825292007186

3568 bmb222 the Ruffian (level 10, -3/69 HPs)
             Began as an Octopode Shapeshifter on Jan 17, 2024.
             Was an Initiate of Gozag.
             Constricted to death by Erica (4 damage)
             ... on level 8 of the Dungeon.
             The game lasted 00:10:34 (8595 turns).

bmb222 the Ruffian (Octopode Shapeshifter)          Turns: 8595, Time: 00:10:36

Health: -3/69      AC:  1    Str: 15    XL:     10   Next: 9%
Magic:  10/10      EV: 14    Int: 14    God:    Gozag
Gold:   697        SH:  0    Dex: 19    Spells: 9/9 levels left

rFire   . .          .
                       - Unarmed
rCold   . . .        (no shield)
rNeg    + . .        (helmet currently unavailable)
rPois   .            v - amulet of the acrobat
rElec   .            n - +6 ring of dexterity
rCorr   .            z - ring of positive energy
SInv    .            (no ring)
Will    .....        (no ring)
Stlth   +++++        (no ring)
HPRegen 0.31/turn    (no ring)
MPRegen 0.12/turn    (no ring)
                     (no ring)

%: acrobat
@: beast-form, gold aura, slowed, constricted, invisible, very slow
A: beast (slay +4), almost no armour, amphibious, 8 rings, camouflage 1,
gelatinous body 1, (nimble swimmer 1), tentacles
a: Begin Untransformation, Renounce Religion, Potion Petition, Call Merchant,
Bribe Branch


You were on level 8 of the Dungeon.
You worshipped Gozag.
Gozag was pleased with you.
You were a hulking beast.
You visited 2 branches of the dungeon, and saw 9 of its levels.

You collected 775 gold pieces.
You paid 78 gold pieces to Gozag.

Inventory:

Missiles
 m - 3 javelins (quivered)
 q - 6 atropa-tipped darts
 x - 13 poisoned darts
 A - a throwing net
 E - 2 boomerangs
Jewellery
 n - a +6 ring of dexterity (left tentacle)
 v - an amulet of the acrobat (around mantle)
 z - a ring of positive energy (right tentacle)
Talismans
 b - a beast talisman
 c - a flux talisman
Wands
 a - a wand of acid (9)
 u - a wand of flame (29)
 B - a wand of charming (4)
Scrolls
 d - a scroll of enchant armour
 g - 3 scrolls of teleportation
 h - 2 scrolls of enchant weapon
 j - 2 scrolls of fear
 l - a scroll of fog
 o - 2 scrolls of vulnerability
 r - a scroll of immolation
 w - 3 scrolls of revelation {unknown}
 y - a scroll of amnesia {unknown}
Potions
 e - a potion of mutation {unknown}
 f - a potion of cancellation {unknown}
 k - 2 potions of lignification
 p - 2 potions of might {unknown}
 s - 3 potions of enlightenment
 t - a potion of degeneration {unknown}
 C - a potion of attraction {unknown}
 D - 2 potions of brilliance {unknown}


   Skills:
 + Level 6.8 Fighting
 - Level 6.2 Dodging
 - Level 6.8 Stealth
 + Level 7.5 Unarmed Combat
 + Level 7.0 Shapeshifting


You had 9 spell levels left.
You didn't know any spells.
Your spell library contained the following spells:

 Spells                   Type           Power      Damage    Failure   Level
 Ensorcelled Hibernation  Hex/Ice        0%         N/A       41%         2
 Sublimation of Blood     Necr           0%         N/A       41%         2
 Passwall                 Erth           0%         N/A       65%         3
 Stone Arrow              Conj/Erth      0%         3d7       65%         3
 Swiftness                Air            0%         N/A       65%         3
 Petrify                  Alch/Erth      0%         N/A       96%         4
 Irradiate                Conj/Alch      0%         3d11      100%        5
 Lehudib's Crystal Spear  Conj/Erth      0%         10d2      100%        8
 Animate Armour           Summ/Erth      Unusable   N/A       N/A         4

Dungeon Overview and Level Annotations

Branches:
Dungeon (8/15)             Temple (1/1) D:6
   Lair: D:8-11

Altars:
Ashenzari
Cheibriados
Elyvilon
Fedhas
Gozag
Hepliaklqana
Kikubaaqudgha
Makhleb
Nemelex Xobeh
Okawaru
Qazlal
Sif Muna
Trog
Vehumet
Wu Jian
Xom
Yredelemnul
Zin
The Shining One

Annotations:
D:3 exclusion: oklob plant
D:7 1 runed translucent door, Likado's ghost, novice MfSu
D:8 Erica


Innate Abilities, Weirdness & Mutations

You are a hulking beast.
Your limbs bulge with bestial killing power. (Slay +4)
You cannot wear most types of armour.
You are amphibious.
You can wear up to eight rings at the same time.
Your skin changes colour to match your surroundings (Stealth+).
Your rubbery body absorbs attacks. (AC +1, EV +1)
((You are camouflaged when in or above water. (Stealth+)))
You have tentacles for arms and can constrict up to eight enemies at once.


Message History

The bullfrog gives a loud, deep croak!
The bullfrog completely misses you. The bullfrog misses you.
You barely miss the bullfrog. You grab the bullfrog.
You constrict the bullfrog. The bullfrog barely misses you.
Erica writhes her tentacles angrily.
You bludgeon the bullfrog! You squeeze the bullfrog.
The bullfrog is heavily wounded.
You constrict the bullfrog. The bullfrog hits you!
You bludgeon the bullfrog!
You kill the bullfrog!
Your Shapeshifting skill increases to level 7!
You fade into invisibility!
Found an ornate altar of the Wu Jian Council.
Erica casts a spell at you.
You feel yourself slow down.
You see here 6 gold pieces.
Erica mumbles some strange words.
Erica flickers and vanishes!
Deactivating autopickup; reactivate with Ctrl-A.
Something barely misses you. Something closely misses you.
No target in view!
No target in view!
You barely miss something.
You hear a zap.
Something tries to affect you, but you resist.
You miss something. Something hits you. Something burns you.
Something grabs you.
You are constricted.
Something hits you! Something burns you.
You are constricted.
You miss something. Your squeeze misses something. Something hits you!
Something burns you.
* * * LOW HITPOINT WARNING * * *
You are constricted.
* * * LOW HITPOINT WARNING * * *
You closely miss something. Your squeeze misses something. Something hits you!
* * * LOW HITPOINT WARNING * * *
Something burns you.
* * * LOW HITPOINT WARNING * * *
You are constricted.
You die...
Your body crumbles into a pile of gold.

#..#.##
#.####...
#..#.# #.#
#.... #..#.#
#.##.....
#..#.#
#........
#..#.##
###.....
##..#..#
##....
#...##.##
##...
#$##.....#
....#
#h..§§.....
####
#{..§§......#
#...§≈§.##..#
........# ...
......... ..
...##.._..
#..# .....
#... .....


There were no monsters in sight!

Vanquished Creatures
  Maurice (D:7)
  Maggie (D:8)
  Grinder (D:5)
  Eustachio (D:5)
  Edmund (D:5)
  2 water moccasins
  2 ice beasts
  An orc warrior (D:6)
  A sky beast (D:6)
  3 ogres
  A centaur (D:5)
  A phantom (D:4)
  A kobold brigand (D:8)
  3 bullfrogs
  A gnoll sergeant (D:6)
  A scorpion (D:5)
  An electric eel (D:7)
  2 vampire bats (D:3)
  2 jellies
  2 gnoll boudas
  3 hounds
  3 orc priests
  A bombardier beetle (D:7)
  3 iguanas
  A sleepcap (D:4)
  Terence (D:2)
  3 orc wizards
  19 gnolls
  9 adders
  A shadow imp (D:7)
  5 dart slugs
  12 orcs
  4 bat skeletons (D:3)
  2 bat zombies (D:3)
  6 endoplasms
  3 giant cockroaches
  5 goblins
  10 hobgoblins
  9 jackals
  2 ball pythons
  3 bats
  3 frilled lizards
  12 kobolds
  12 rats
  A spectral hobgoblin (D:3)
162 creatures vanquished.

Notes
Turn   | Place    | Note
-------+----------+-------------------------------------------
     0 | D:1      | bmb222 the Octopode Shapeshifter began the quest for the
                  | Orb.
     0 | D:1      | Reached XP level 1. HP: 13/13 MP: 1/1
   208 | D:1      | Reached XP level 2. HP: 18/18 MP: 2/2
   620 | D:2      | Reached XP level 3. HP: 23/23 MP: 3/3
   771 | D:2      | Noticed Terence
   786 | D:2      | Killed Terence
   992 | D:2      | Reached XP level 4. HP: 29/29 MP: 4/4
  1055 | D:2      | Identified the +5 dagger of the Thing {freeze, rC+ SInv}
  1651 | D:3      | Reached skill level 1 in Stealth
  1777 | D:3      | Reached XP level 5. HP: 17/34 MP: 5/5
  1857 | D:3      | Found a faded altar of an unknown god.
  2046 | D:3      | Found a blossoming altar of Fedhas.
  2241 | D:3      | Found an ancient bone altar of Kikubaaqudgha.
  2250 | D:3      | Reached XP level 6. HP: 37/41 MP: 6/6
  2657 | D:3      | Noticed an oklob plant
  2957 | D:5      | Entered Level 5 of the Dungeon
  2957 | D:5      | Noticed Edmund
  3356 | D:4      | Reached XP level 7. HP: 46/46 MP: 7/7
  3807 | D:5      | HP: 2/47 [centaur (1)]
  3923 | D:5      | Noticed Grinder
  3929 | D:5      | Killed Grinder
  3930 | D:5      | Reached skill level 5 in Stealth
  3930 | D:5      | Reached skill level 5 in Unarmed Combat
  3930 | D:5      | Reached XP level 8. HP: 42/54 MP: 8/8
  3992 | D:5      | Noticed Eustachio
  4303 | D:5      | Killed Edmund
  4304 | D:5      | Reached skill level 5 in Shapeshifting
  4539 | D:5      | Killed Eustachio
  4817 | D:6      | Found a staircase to the Ecumenical Temple.
  4831 | Temple   | Entered the Ecumenical Temple
  4850 | Temple   | Became a worshipper of Gozag Ym Sagoz the Greedy
  5224 | D:6      | Reached skill level 5 in Fighting
  5316 | D:6      | Reached XP level 9. HP: 43/61 MP: 9/9
  5662 | D:6      | Reached skill level 5 in Dodging
  5879 | D:6      | Found a hazy altar of Hepliaklqana.
  6107 | D:7      | Found an iron altar of Okawaru.
  6287 | D:7      | Found a basalt altar of Yredelemnul.
  7178 | D:7      | Noticed Maurice
  7187 | D:7      | Maurice stole a throwing net
  7190 | D:7      | Maurice stole a flux talisman
  7191 | D:7      | Maurice stole 516 gold
  7545 | D:7      | Killed Maurice
  7698 | D:7      | Found a runed translucent door.
  7698 | D:7      | Noticed Likado's ghost (novice MfSu)
  7879 | D:8      | Found a radiant altar of Vehumet.
  7894 | D:8      | Noticed Maggie
  7907 | D:8      | Killed Maggie
  8157 | D:8      | Reached XP level 10. HP: 62/69 MP: 10/10
  8467 | D:8      | Noticed Erica
  8590 | D:8      | Found an ornate altar of the Wu Jian Council.
  8595 | D:8      | HP: 1/69 [something (3)]
  8595 | D:8      | Constricted to death by Erica

Illustrated notes

Levels and vault maps discovered:
D:1:      dpeg_arrival_rooms_b, layout_loops_ring, dreamdust_wishing_well,
          corexii_item_surrounded_by_moat, minmay_splitting_lines
D:2:      minmay_inner_zag, layout_basic, minivault_11, uniq_terence
D:3:      layout_loops_ring, kennysheep_vampire_church, tgw_fedhas,
          dreamdust_ecumenical_altar_drowned_temple,
          ebering_dispersal_statue_hall
D:4:      layout_cave_pools
D:5:      layout_rooms, small_statue_intersection, kennysheep_generic_room_12,
          uniq_eustachio, uniq_edmund, uniq_grinder
D:6:      layout_cave_pools, lemuel_coloured_pillars_altar,
          minmay_temple_entry_proselytizer
D:7:      layout_cave_pods, mainiacjoe_overflow_24_doors,
          okawaru_metal_pillars_1_2, gammafunk_ghost_grave,
          nicolae_water_bricks, uniq_maurice
D:8:      layout_loops_ring, nicolae_wu_jian_wuxing_cycle,
          mainiacjoe_overflow_six_doors_small, nicolae_ru_sacrificial_ziggurat,
          nicolae_uskayaw_dance_studio, minmay_crystal_room,
          grunt_decor_resistance, uniq_maggie, uniq_jeremiah, uniq_erica
Temple:   nicolae_temple_slightly_damp_pantheon

Skill      XL: |  1  2  3  4  5  6  7  8  9 10 |
---------------+-------------------------------+-----
Fighting       | 2 3 4 5 6 |  6.8
Stealth        | 1 2 3 5 6 |  6.8
Unarmed Combat | 4 5 6 7 |  7.5
Shapeshifting  | 4 5 6 7 |  7.0
Dodging        | 3 4 6 |  6.2

Action                     |  1- 3 |  4- 6 |  7- 9 | 10-12 || total
---------------------------+-------+-------+-------+-------++-------
  Melee: Unarmed           |    43 |   105 |   249 |    32 ||   429
         Tentacles         |     8 |    31 |    51 |     7 ||    97
         Constrict         |     7 |    25 |    47 |     7 ||    86
         Punch             |     1 |     4 |    10 |     2 ||    17
  Throw: Dart              |       |     4 |     5 |       ||     9
  Evoke: Wand              |       |       |    11 |       ||    11
    Use: Scroll            |     1 |     5 |     6 |       ||    12
         Potion            |     1 |       |     8 |     1 ||    10
   Stab: Sleeping          |     2 |     7 |    11 |     2 ||    22
         Invisible         |       |       |     7 |       ||     7
         Distracted        |       |       |     1 |       ||     1
 Armour: Skin              |    28 |    48 |   187 |    15 ||   278
  Dodge: Dodged            |    25 |    80 |   120 |    23 ||   248

Table legend: (Time is in decaauts)
 A = Elapsed time spent in this place.
 B = Non-inter-level travel time spent in this place.
 C = Inter-level travel time spent in this place.
 D = Time resting spent in this place.
 E = Time spent auto-exploring this place.
 F = Levels seen in this place.
 G = Mean time per level.
                   A        B        C        D        E       F      G
               +--------+--------+--------+--------+--------+-----+--------+
         Total |   8561 |   8022 |    539 |   1466 |   5257 |   9 |  951.2 |
       Dungeon |   8522 |   8020 |    502 |   1466 |   5257 |   8 | 1065.2 |
        Temple |     38 |      1 |     37 |      0 |      0 |   1 |   38.0 |
               +--------+--------+--------+--------+--------+-----+--------+

Top non-repeatable levels by time:
     D:6: 1509 daAuts
     D:7: 1442 daAuts
     D:3: 1139 daAuts
     D:2: 1138 daAuts
     D:5: 1110 daAuts
     D:4: 849 daAuts
     D:8: 723 daAuts
     D:1: 610 daAuts
  Temple: 38 daAuts
